 Dungeon Crawl Stone Soup version 0.24.0-1-gfbc8707 (webtiles) character file.

Game seed: 2926015155953389810, levelgen mode: deterministic

68 Charmandara the Chucker (level 4, -2/33 HPs)
             Began as a Human Assassin on Nov 2, 2019.
             Slain by an orc wizard
             ... wielding a +0 dagger of venom
              (3 damage)
             ... on level 2 of the Dungeon.
             The game lasted 00:02:55 (1683 turns).

Charmandara the Chucker (Human Assassin)            Turns: 1683, Time: 00:02:56

Health: -2/33      AC:  4    Str: 12    XL:     4   Next: 41%
Magic:  4/4        EV: 12    Int: 12    God:
Gold:   116        SH:  0    Dex: 14    Spells: 3/3 levels left

rFire    + . .     SeeInvis .   a - +2 dagger (speed)
rCold    . . .     Gourm    .   (no shield)
rNeg     . . .     Faith    .   b - +0 robe
rPois    .         Spirit   .   (no helmet)
rElec    .         Reflect  .   c - +0 cloak
rCorr    .         Harm     .   l - +0 pair of gloves
MR       .....                  (no boots)
Stlth    +++.......             (no amulet)
HPRegen  0.51/turn              (no ring)
MPRegen  0.09/turn              (no ring)

@: lethally poisoned (-2 -> -21)
A: blurry vision 1, fire resistance 1, regeneration 1
a: no special abilities


You were on level 2 of the Dungeon.
You were not hungry.

You visited 1 branch of the dungeon, and saw 2 of its levels.

You collected 116 gold pieces.

Inventory:

Hand Weapons
 a - a +2 dagger of speed (weapon)
   (You found it on level 1 of the Dungeon)
 g - a +0 short sword
   (You took it off a kobold on level 1 of the Dungeon)
 m - a +0 hand axe of flaming
   (You found it on level 1 of the Dungeon)
Missiles
 d - 2 poisoned darts (quivered)
 e - 2 curare-tipped darts
Armour
 b - a +0 robe (worn)
 c - a +0 cloak (worn)
 l - a +0 pair of gloves (worn)
   (You found it on level 1 of the Dungeon)
Scrolls
 h - 2 scrolls of fog {unknown}
 i - 2 scrolls of remove curse {unknown}
 j - 2 scrolls of immolation {unknown}
 k - 3 scrolls of teleportation {unknown}
 p - a scroll of noise {unknown}
 s - a scroll of identify {unknown}
 t - a scroll of magic mapping {unknown}
Potions
 n - a potion of might
Comestibles
 f - 6 rations


   Skills:
 - Level 2.0 Fighting
 - Level 2.0 Short Blades
 + Level 4.3 Throwing
 - Level 1.0 Dodging
 - Level 4.0 Stealth


You had 3 spell levels left.
You didn't know any spells.
Your spell library was empty.

Dungeon Overview and Level Annotations

Branches:
Dungeon (2/15)

Altars:
Ru
Wu Jian


Innate Abilities, Weirdness & Mutations

Scrolls take you a little longer to read.
Your flesh is heat resistant. (rF+)
Your natural rate of healing is unusually fast.


Message History

You hit the kobold but do no damage. The kobold hits you.
You take 2 damage, and have 31/33 hp.
You hit the kobold but do no damage. You hit the kobold but do no damage.
The kobold hits you.
You take 4 damage, and have 27/33 hp.
The kobold throws a stone.
The stone hits you but does no damage.
There is an open door here.
You see here a stone.
The kobold throws a stone.
The stone hits you but does no damage.
You barely miss the orc wizard. You closely miss the orc wizard.
The orc wizard hits you with a +0 dagger of venom.
You are poisoned.
You take 3 damage, and have 25/33 hp.
You feel sick.
You take 1 damage, and have 24/33 hp.
You feel sick.
The orc wizard stomps in frustration.
You take 1 damage, and have 23/33 hp.
The orc wizard gestures.
You feel sick.
You feel sick.
You take 1 damage, and have 22/33 hp.
Throwing (i - inventory)
d - 5 poisoned darts (quivered)
Aim: a kobold (softly glowing)
You throw a poisoned dart.
The poisoned dart closely misses the orc wizard.
The poisoned dart barely misses the kobold.
You feel sick.
The orc wizard hits you but does no damage.
You are more poisoned.
You take 1 damage, and have 21/33 hp.
Throwing (i - inventory)
d - 4 poisoned darts (quivered)
Aim: a kobold (softly glowing)
You throw a poisoned dart.
The poisoned dart barely misses the orc wizard.
The poisoned dart completely misses the kobold.
Unknown command.
You feel sick.
You take 1 damage, and have 20/33 hp.
The orc wizard closely misses you.
You feel sick.
You take 1 damage, and have 19/33 hp.
You feel sick.
You feel sick.
You take 1 damage, and have 18/33 hp.
Throwing (i - inventory)
d - 3 poisoned darts (quivered)
Aim: a kobold (softly glowing)
You throw a poisoned dart. The poisoned dart hits the orc wizard.
The orc wizard is poisoned.
You hit the orc wizard.
The orc wizard hits you with a +0 dagger of venom.
You are more poisoned.
You take 1 damage, and have 17/33 hp.
You hit the orc wizard.
You feel sick.
You take 1 damage, and have 16/33 hp.
Unknown command.
You hit the orc wizard but do no damage.
You feel sick.
The orc wizard hits you with a +0 dagger of venom.
You are lethally poisoned!
You take 3 damage, and have 13/33 hp.
You feel sick.
You take 1 damage, and have 12/33 hp.
It was a potion of might.
You feel very mighty all of a sudden.
You feel sick. The orc wizard barely misses you.
You take 2 damage, and have 10/33 hp.
You closely miss the orc wizard.
* * * LOW HITPOINT WARNING * * *
You feel sick. The orc wizard closely misses you.
You take 1 damage, and have 9/33 hp.
You hit the orc wizard but do no damage.
* * * LOW HITPOINT WARNING * * *
You feel sick.
You take 1 damage, and have 8/33 hp.
Unknown command.
You barely miss the orc wizard.
* * * LOW HITPOINT WARNING * * *
You feel sick.
The orc wizard hits you but does no damage.
You are more poisoned.
Unknown command.
It was a potion of mutation.
You feel extremely strange.
Your vision blurs.
You begin to heal more quickly.
You feel resistant to heat.
* * * LOW HITPOINT WARNING * * *
You feel sick.
The orc wizard hits you with a +0 dagger of venom.
* * * LOW HITPOINT WARNING * * *
You are more poisoned.
You take 6 damage, and have 2/33 hp.
Unknown command.
It was a potion of cancellation.
Your magical effects are unravelling.
You feel magically purged.
You feel a little less mighty now.
* * * LOW HITPOINT WARNING * * *
You feel sick.
The orc wizard hits you with a +0 dagger of venom.
You die...

#.# ##....#####
#.# #..#.#
#.########.#.#
#........#>..#
########.#... #.#
#.##### #.....#
#####@# #o# #K# ##
#(###############.
#...K.......(.....
################..
#.( ###


You could see an orc wizard (mute) and a kobold.

Vanquished Creatures
  2 adders (D:2)
  3 dart slugs (D:1)
  5 leopard geckos
  5 bats
  A giant cockroach (D:2)
  4 goblins (D:2)
  6 hobgoblins
  A kobold (D:1)
  A quokka (D:2)
  3 frilled lizards
  6 rats
37 creatures vanquished.

Notes
Turn   | Place    | Note
-------+----------+-------------------------------------------
     0 | D:1      | Charmandara the Human Assassin began the quest for the Orb.
     0 | D:1      | Reached XP level 1. HP: 16/16 MP: 1/1
    75 | D:1      | Reached XP level 2. HP: 13/22 MP: 2/2
   370 | D:1      | Reached skill level 3 in Throwing
   496 | D:1      | Reached XP level 3. HP: 27/27 MP: 3/3
  1027 | D:2      | Found an ornate altar of the Wu Jian Council.
  1139 | D:2      | Reached skill level 4 in Throwing
  1139 | D:2      | Reached XP level 4. HP: 33/33 MP: 4/4
  1643 | D:2      | Found a sacrificial altar of Ru.
  1680 | D:2      | HP: 8/33 [poisoned by an orc wizard]
  1682 | D:2      | Gained mutation: Scrolls take you a little longer to read.
                  | [potion of mutation]
  1682 | D:2      | Gained mutation: Your natural rate of healing is unusually
                  | fast. [potion of mutation]
  1682 | D:2      | Gained mutation: Your flesh is heat resistant. (rF+)
                  | [potion of mutation]
  1682 | D:2      | HP: 2/33 [orc wizard/+0 dagger of venom (4)]
  1683 | D:2      | Slain by an orc wizard

Levels and vault maps discovered:
D:1:      saegor_arrival_simple_c, layout_rooms, minmay_misc_feat_plants,
          hangedman_decor_push
D:2:      cheibrodos_old_hovel, layout_basic, lemuel_doored_altar,
          nicolae_ru_great_annihilating_truth, first_ration

Skill      XL: |  1  2  3 |
---------------+----------+-----
Throwing       | 3 4 |  4.3
Fighting       | |  2.0
Short Blades   | |  2.0
Dodging        | |  1.0
Stealth        | |  4.0

Action                   |  1- 3 |  4- 6 || total
-------------------------+-------+-------++-------
Melee: Dagger            |   101 |    37 ||   138
Throw: Dart              |     5 |     6 ||    11
  Use: Potion            |       |     3 ||     3
 Stab: Sleeping          |     3 |     1 ||     4
  Eat: Chunk             |     1 |     1 ||     2
Armor: Robe              |    28 |     6 ||    34
Dodge: Dodged            |    56 |    13 ||    69

Levels and vault maps discovered:
D:1:      saegor_arrival_simple_c, layout_rooms, minmay_misc_feat_plants,
          hangedman_decor_push
D:2:      cheibrodos_old_hovel, layout_basic, lemuel_doored_altar,
          nicolae_ru_great_annihilating_truth, first_ration

Table legend:
 A = Turns spent in this place as a percentage of turns spent in the entire game.
 B = Non-inter-level travel turns spent in this place as a percentage of non-inter-level travel turns spent in the entire game.
 C = Inter-level travel turns spent in this place as a percentage of turns spent in this place.
 D = Turns resting spent in this place as a percentage of non-inter-level travel turns spent in this place.
 E = Turns spent auto-exploring this place as a percentage of non-inter-level travel turns spent in this place.
 F = Non-inter-level travel turns spent in this place divided by the number of levels of this place that you've seen.
                   A       B       C       D       E      F
               +-------+-------+-------+-------+-------+----------------------
         Total | 100.0 | 100.0 |   1.4 |  28.4 |  44.4 | 830.0
       Dungeon | 100.0 | 100.0 |   1.4 |  28.4 |  44.4 | 830.0
               +-------+-------+-------+-------+-------+----------------------

Table legend:
 A = Kills in this place as a percentage of kills in entire the game.
 B = Kills by you in this place as a percentage of kills by you in the entire game.
 C = Kills by friends in this place as a percentage of kills by friends in the entire game.
 D = Other kills in this place as a percentage of other kills in the entire game.
 E = Experience gained in this place as a percentage of experience gained in the entire game.
 F = Experience gained in this place divided by the number of levels of this place that you have seen.
                   A       B       C       D       E      F
               +-------+-------+-------+-------+-------+----------------------
         Total | 100.0 | 100.0 |   N/A |   N/A | 100.0 |  49.0
       Dungeon | 100.0 | 100.0 |   N/A |   N/A | 100.0 |  49.0
               +-------+-------+-------+-------+-------+----------------------
